Map: [AXIOM] Odyssey LE

Players

Игрок 2 - Winner!

  • Race: Protoss Protoss
  • Spawn Location: 11:00

Doll

  • Race: Zerg Zerg
  • Spawn Location: 5:00

VOD

Have the link to the VOD?

Description

Time

  • Played on: Jan. 31, 2021, 5:38 a.m.
  • Length: 19:23
Show
View Real Time Build Order
Export as new Build Order

Игрок 2 Protoss - Winner!

Build Orders:  

Get SALT Encoding   

  6  0:00  Probe, Unknown  
  9  0:05  Pylon  
  9  0:11  Pylon  
  9  0:12  Probe  
  10  0:18  Assimilator  
  10  0:23  Assimilator  
  10  0:24  Probe  
  11  0:32  Gateway  
  11  0:36  Probe  
  11  0:38  Pylon  
  12  0:48  Probe  
  13  1:00  Probe  
  14  1:10  Pylon  
  14  1:13  Probe  
  15  1:25  Probe  
  16  1:27  Zealot  
  18  1:34  Cybernetics Core  
  18  1:37  Probe  
  19  1:49  Probe  
  20  2:01  Probe  
  21  2:10  Warp Gate  
  21  2:11  Adept  
  21  2:13  Probe  
  24  2:25  Probe  
  25  2:38  Probe  
  25  2:41  Adept  
  28  3:11  Stalker  
  30  3:57  Unknown  
  30  4:03  Gateway  
  30  4:56  Unknown  
  30  5:02  Gateway  
  30  5:28  Sentry  
  32  5:35  Robotics Facility  
  32  5:51  Stalker  
  32  5:56  Unknown  
  34  6:14  Stalker  
  36  6:23  Observer  
  37  6:37  Sentry  
  39  6:44  Observer  
  38  7:00  Zealot  
  36  7:23  Stalker  
  36  7:46  Adept  
  38  10:21  Warp Prism  
  40  10:35  Stalker x2  
  39  10:36  Gateway  
  39  10:41  Twilight Council  
  39  10:47  Forge  
  39  10:51  Robotics Bay  
  39  10:54  Stargate  
  39  10:57  Warp Prism  
  39  11:06  Zealot  
  33  11:20  Protoss Ground Weapons Level 1  
  33  11:25  Sentry  
  35  11:30  Unknown  
  31  11:34  Observer  
  31  11:36  Templar Archives  
  31  11:39  Gateway, Gravitic Boosters  
  32  11:48  Stalker  
  34  12:06  Nexus  
  34  12:11  Stalker  
  36  12:32  Unknown  
  36  12:34  High Templar  
  36  12:36  Gravitic Drive  
  38  12:41  Gateway  
  38  13:05  Probe x4  
  38  13:06  High Templar  
  40  13:17  Probe, Unknown  
  45  13:25  Archon  
  45  13:28  Protoss Ground Armor Level 1  
  45  13:29  Probe  
  46  13:35  Unknown  
  46  13:39  High Templar  
  48  13:42  Probe  
  49  13:54  Probe  
  50  14:06  Probe  
  51  14:11  High Templar  
  53  14:18  Probe, Nexus  
  54  14:30  Probe  
  55  14:42  Probe  
  56  14:45  Zealot  
  58  14:54  Probe  
  58  14:56  Stalker  
  61  15:07  Probe, Immortal  
  66  15:18  Phoenix, Probe x4  
  66  15:19  Probe  
  67  15:29  Stalker  
  67  15:30  Probe, Unknown  
  67  15:31  Probe  
  73  15:39  Zealot  
  73  15:42  Probe  
  70  15:43  Probe  
  65  15:52  Sentry  
  65  15:54  Probe  
  65  15:55  Probe  
  69  16:06  Probe  
  69  16:07  Probe  
  71  16:15  High Templar  
  73  16:18  Probe  
  73  16:19  Probe  
  75  16:26  Nexus  
  75  16:30  Probe  
  75  16:32  Probe  
  77  16:43  Probe  
  77  16:44  Probe  
  79  16:47  High Templar  
  81  16:55  Probe  
  81  16:56  Probe  
  81  16:58  Archon  
  83  17:07  Probe  
  84  17:19  Probe  
  84  17:20  Sentry  
  87  17:31  Probe  
  88  17:43  Probe  
  89  17:45  Stalker  
  91  18:37  Nexus  
  91  19:04  Adept  
Show
View Real Time Build Order
Export as new Build Order

Doll Zerg 

Build Orders: Pool First 

Get SALT Encoding   

  8  0:00  Drone x2  
  10  0:21  Drone x2  
  10  0:27  Spawning Pool  
  12  0:43  Drone x2  
  14  1:04  Drone x2  
  15  1:25  Drone  
  15  1:26  Queen  
  18  4:07  Drone  
  19  5:43  Drone  
  19  5:44  Hatchery x2  
  20  6:06  Queen  
  16  6:43  Drone x8  
  16  6:46  Drone x2  
  15  6:52  Unknown  
  15  6:54  Unknown  
  15  6:58  Queen  
  23  7:06  Drone x2  
  22  7:17  Drone x2  
  23  7:27  Drone  
  23  7:28  Drone  
  25  7:38  Drone x2  
  25  7:43  Drone x2  
  29  7:49  Drone x2  
  31  7:59  Drone  
  31  8:00  Drone  
  33  8:10  Drone  
  33  8:11  Drone  
  35  8:17  Queen  
  37  8:21  Drone x2  
  37  8:22  Spine Crawler, Drone x2  
  37  8:26  Spine Crawler  
  41  8:32  Drone x2  
  43  8:42  Drone  
  43  8:43  Drone  
  45  8:52  Queen  
  45  8:53  Drone x2  
  45  8:54  Spine Crawler  
  45  8:55  Spine Crawler x2  
  49  8:56  Spine Crawler  
  49  8:57  Spine Crawler  
  49  9:02  Queen  
  49  9:04  Drone x2  
  51  9:14  Drone  
  52  9:25  Drone  
  52  9:28  Queen  
  53  9:36  Drone  
  53  9:37  Queen  
  53  9:47  Drone  
  54  9:57  Drone  
  55  10:13  Queen  
  57  12:32  Spine Crawler, Drone  
  57  12:36  Spine Crawler, Drone  
  57  16:20  Zergling x2  
  57  16:22  Zergling x12  
  57  16:23  Zergling x12  
  57  16:24  Zergling x10  
  57  16:25  Zergling x2  
Tags
 
Matchup
ЗvП
Opening
Pool First
Spawn Locations
Cross Positions
Add a new tag
Caveats
  • Supply blocks, unpowered buildings, or Contaminate may cause inaccurate times.
  • Supply counts are checked every 10 seconds.